 Dungeon Sprint DCSS version 0.27.1 (webtiles) character file.

Game seed: 12687594857609339274

1728 styxcanada the Imperceptible (level 8, -9/44 HPs)
             Began as a Spriggan Brigand on Aug 27, 2021.
             Was an Initiate of Gozag.
             Killed from afar by Erolcha (19 damage)
             ... with a fireball
             ... in the Dungeon (Sprint III: "The Ten Rune Challenge").
             The game lasted 00:10:05 (1042 turns).

styxcanada the Imperceptible (Spriggan Brigand)     Turns: 1042, Time: 00:10:05

Health: -9/44      AC:  5    Str:  7    XL:     8   Next: 76%
Magic:  14/14      EV: 22    Int: 17    God:    Gozag
Gold:   1134       SH:  0    Dex: 18    Spells: 13/16 levels left

rFire    . . .     SeeInvis +   a - +2 dagger
rCold    . . .     Faith    .   (shield restricted)
rNeg     . . .     Spirit   .   b - +0 robe
rPois    .         Reflect  .   (helmet restricted)
rElec    .         Harm     .   n - +2 cloak
rCorr    .         Rampage  .   (gloves unavailable)
Will     +....     NoTele   +   (boots unavailable)
Stlth    ++++++++..             (no amulet)
HPRegen  0.14/turn              (no ring)
MPRegen  0.14/turn              (no ring)

@: gold aura, very quick
A: very small, no large weapons, unfitting armour, see invisible, speed 3, claws
1, clever 2, low mp 1, MP-powered wands
a: Renounce Religion, Potion Petition, Call Merchant, Bribe Branch


You were in the Dungeon.
You worshipped Gozag.
Gozag was most pleased with you.
You visited 1 branch You collected 1134 gold pieces.

Inventory:

Hand Weapons
 a - a +2 dagger (weapon)
 j - a +2 long sword of holy wrath
 m - a +3 quarterstaff of chaos
Missiles
 d - 4 poisoned darts (quivered)
 e - a curare-tipped dart
Armour
 b - a +0 robe (worn)
 n - a +2 cloak (worn)
Scrolls
 c - a scroll of torment {unknown}
 k - a scroll of blinking
 l - 3 scrolls of identify
 q - a scroll of immolation {unknown}
Potions
 f - 3 potions of curing
 g - a potion of heal wounds
 h - a potion of haste
 i - 2 potions of magic
 o - 2 potions of flight
 p - 2 potions of mutation
 r - 2 potions of berserk rage
 s - a potion of might


   Skills:
 * Level 5.5 Fighting
 + Level 4.6 Short Blades
 + Level 5.5 Throwing
 * Level 8.3 Dodging
 * Level 21.5 Stealth
 * Level 4.9 Spellcasting
 * Level 4.6 Hexes


You had 13 spell levels left.
You knew the following spells:

 Your Spells              Type           Power      Damage    Failure   Level
a - Tukima's Dance        Hex            20%        N/A       6%          3

Your spell library contained the following spells:

 Spells                   Type           Power      Damage    Failure   Level
 Passage of Golubria      Tloc           N/A        N/A       82%         4
 Yara's Violent Unravell  Hex/Tmut       6%         3d5       83%         5


Dungeon Overview and Level Annotations

Branches:
Dungeon (1/1)

Altars:
Cheibriados
Dithmenos
Elyvilon
Fedhas
Gozag
Hepliaklqana
Kikubaaqudgha
Makhleb
Nemelex Xobeh
Okawaru
Qazlal
Ru
Sif Muna
Trog
Uskayaw
Vehumet
Wu Jian
Xom
Yredelemnul
Zin
The Shining One
Beogh
Jiyva
Lugonu

Annotations:
D Erolcha


Innate Abilities, Weirdness & Mutations

You are very small and have problems with some larger weapons.
You are too small for most types of armour.
You have supernaturally acute eyesight. (SInv)
You cover ground extremely quickly. (Speed+++)
You have sharp fingernails.
Your mind is very acute. (Int +4)
Your magical capacity is low. (-10% MP)
You expend magic power (3 MP) to strengthen your wands.


Message History

a +0 giant club; a +0 giant club
There is an open door here.
d - 6 poisoned darts (gained 1)
You start resting.
HP restored.
A two-headed ogre comes into view.
It is wielding a +3 dire flail and a +0 giant club.
The helpless two-headed ogre fails to defend itself.
You stick the two-headed ogre like a pincushion!!!!
You kill the two-headed ogre!
You now have 1134 gold pieces (gained 180).
Things that are here:
a +3 dire flail; a +0 giant club A two-headed ogre and Erolcha come into view.
Erolcha is wielding a +0 giant spiked club and carrying a wand of flame (21).
The two-headed ogre shouts in stereo!
Erolcha shouts!
You hit Erolcha.
Erolcha is lightly wounded.
Erolcha hits you with a +0 giant spiked club!!
Ouch! That really hurt!
* * * LOW HITPOINT WARNING * * *
The two-headed ogre completely misses you.
The two-headed ogre barely misses you.
Erolcha is distracted by your dazzling golden aura.
Throw: 6 darts (poison)
Press: ? - help, Q - select action, (/) - cycle Shift-Dir - straight line, f - Erolcha
Aim: Erolcha, wielding a +0 giant spiked club, wearing a +0 robe and carrying a wand of flame (21) (lightly wounded, unaware, hasn't noticed you, 75% to hit)
You throw a poisoned dart. The poisoned dart hits Erolcha!
Erolcha is poisoned.
Erolcha is no longer distracted by gold.
Erolcha shouts!
Erolcha is lightly wounded.
Throw: 5 darts (poison)
Press: ? - help, Q - select action, (/) - cycle Shift-Dir - straight line, f/p - Erolcha
Aim: Erolcha, wielding a +0 giant spiked club, wearing a +0 robe and carrying a wand of flame (21) (lightly wounded, very poisoned, 75% to hit)
You throw a poisoned dart. The poisoned dart hits Erolcha!
Erolcha looks as sick as possible!
Erolcha is lightly wounded.
Erolcha gestures at you while chanting.
The fireball explodes!
The fireball engulfs you!!
You die...
Your body crumbles into a pile of gold.

'#'###'## ........#$ $
........# $$$ $
.######'# $ $
.#__#...#+##############
.#__#..)#....#.#.#)O...#
##__#...##.#..#.##.###(#
.#__#...'##.#.#.##O#O.##
_#__'...#...#..#@.##..+
▓▓▓▓▓▓▓▓▓▓▓▓▓▓▓▓▓▓▓▓▓▓#
$ $


You could see Erolcha (very poisoned).

Vanquished Creatures
  A deep elf pyromancer (D)
  A shadow (D)
  A spatial vortex (D)
  A necrophage (D)
  4 two-headed ogres (D)
  A water elemental (D)
  Crazy Yiuf (D)
  A jelly (D)
  A wizard (D)
  A necromancer (D)
  3 humans (D)
  A kobold demonologist (D)
  4 rats (D)
21 creatures vanquished.

Vanquished Creatures (others)
  2 plants (D)
2 creatures vanquished.

Grand Total: 23 creatures vanquished

Notes
Turn   | Place    | Note
-------+----------+-------------------------------------------
     0 | D        | styxcanada the Spriggan Brigand began the quest for the
                  | Orb.
     0 | D        | Reached XP level 1. HP: 10/10 MP: 2/2
     5 | D        | Reached skill level 6 in Stealth
    57 | D        | Reached skill level 9 in Stealth
    57 | D        | Reached XP level 2. HP: 15/15 MP: 3/3
    79 | D        | Noticed Crazy Yiuf
    86 | D        | Killed Crazy Yiuf
    87 | D        | Reached skill level 10 in Stealth
    87 | D        | Reached XP level 3. HP: 19/19 MP: 4/4
   128 | D        | Gained mutation: You have sharp fingernails. [potion of
                  | mutation]
   128 | D        | Gained mutation: Your body sometimes deteriorates upon
                  | taking damage. [potion of mutation]
   128 | D        | Gained mutation: You occasionally shout uncontrollably at
                  | your foes. [potion of mutation]
   129 | D        | Lost mutation: You occasionally shout uncontrollably at
                  | your foes. [potion of mutation]
   129 | D        | Lost mutation: Your body sometimes deteriorates upon taking
                  | damage. [potion of mutation]
   129 | D        | Gained mutation: Armour fits poorly on your strangely
                  | shaped body. [potion of mutation]
   129 | D        | Gained mutation: You are weak. (Str -2) [potion of
                  | mutation]
   129 | D        | Gained mutation: Your movements are slightly less
                  | encumbered by armour. (ER -2) [potion of mutation]
   129 | D        | Gained mutation: You have a pair of small antennae on your
                  | head. [potion of mutation]
   130 | D        | Lost mutation: Armour fits poorly on your strangely shaped
                  | body. [potion of mutation]
   130 | D        | Lost mutation: You have a pair of small antennae on your
                  | head. [potion of mutation]
   130 | D        | Gained mutation: Your mind is acute. (Int +2) [potion of
                  | mutation]
   131 | D        | Lost mutation: You are weak. (Str -2) [potion of mutation]
   131 | D        | Lost mutation: Your movements are slightly less encumbered
                  | by armour. (ER -2) [potion of mutation]
   131 | D        | Gained mutation: Your magical capacity is low. (-10% MP)
                  | [potion of mutation]
   131 | D        | Gained mutation: You expend magic power (3 MP) to
                  | strengthen your wands. [potion of mutation]
   131 | D        | Gained mutation: Your mind is very acute. (Int +4) [potion
                  | of mutation]
   132 | D        | Noticed a water elemental
   135 | D        | Killed a water elemental
   136 | D        | Reached skill level 12 in Stealth
   136 | D        | Reached XP level 4. HP: 23/23 MP: 4/4
   146 | D        | Noticed a shadow
   153 | D        | Reached skill level 13 in Stealth
   153 | D        | Reached XP level 5. HP: 28/28 MP: 5/5
   176 | D        | Killed a shadow
   177 | D        | Reached skill level 5 in Dodging
   177 | D        | Reached skill level 16 in Stealth
   177 | D        | Reached XP level 6. HP: 11/33 MP: 6/6
   399 | D        | Found a blossoming altar of Fedhas.
   399 | D        | Found a stormy altar of Qazlal.
   400 | D        | Found a snail-covered altar of Cheibriados.
   400 | D        | Found a burning altar of Makhleb.
   400 | D        | Found a hazy altar of Hepliaklqana.
   400 | D        | Found a shimmering altar of Xom.
   400 | D        | Found an opulent altar of Gozag.
   400 | D        | Found a sparkling altar of Nemelex Xobeh.
   400 | D        | Found a corrupted altar of Lugonu.
   400 | D        | Found a viscous altar of Jiyva.
   400 | D        | Noticed a spatial vortex
   403 | D        | Killed a spatial vortex
   404 | D        | Reached skill level 17 in Stealth
   405 | D        | Became a worshipper of Gozag Ym Sagoz the Greedy
   423 | D        | Found a radiant altar of Vehumet.
   423 | D        | Found a shimmering blue altar of Sif Muna.
   423 | D        | Found an ancient bone altar of Kikubaaqudgha.
   444 | D        | Noticed a neqoxec
   606 | D        | Learned a level 3 spell: Tukima's Dance
   606 | D        | Found a glowing silver altar of Zin.
   606 | D        | Found a glowing golden altar of the Shining One.
   606 | D        | Found a white marble altar of Elyvilon.
   607 | D        | Noticed a deep elf pyromancer
   609 | D        | Killed a deep elf pyromancer
   610 | D        | Reached skill level 19 in Stealth
   610 | D        | Reached XP level 7. HP: 38/38 MP: 7/11
   616 | D        | Found a hide-covered altar of Uskayaw.
   616 | D        | Found an iron altar of Okawaru.
   616 | D        | Found a bloodstained altar of Trog.
   616 | D        | Found an ornate altar of the Wu Jian Council.
   616 | D        | Noticed a human
   616 | D        | Noticed a human
   619 | D        | Killed a human
   620 | D        | Reached skill level 20 in Stealth
   620 | D        | Reached XP level 8. HP: 42/42 MP: 7/12
   621 | D        | Reached skill level 5 in Fighting
   633 | D        | Found a basalt altar of Yredelemnul.
   633 | D        | Found a shadowy altar of Dithmenos.
   633 | D        | Found a sacrificial altar of Ru.
   766 | D        | Reached skill level 5 in Throwing
   818 | D        | Reached skill level 21 in Stealth
  1019 | D        | Noticed a two-headed ogre
  1022 | D        | Killed a two-headed ogre
  1028 | D        | Noticed a two-headed ogre
  1028 | D        | Noticed Erolcha
  1042 | D        | Killed from afar by Erolcha

Illustrated notes

Levels and vault maps discovered:
D:        dungeon_sprint_mu [sprint_mu_entry_forest, sprint_mu_temple_rooms,
          sprint_mu_d1_spiders, sprint_mu_d2_genie, sprint_mu_d3_branching,
          sprint_mu_orc_legion, sprint_mu_elf_gauntlet, sprint_mu_hive_nellie,
          sprint_mu_lair_fedhas, sprint_mu_vaults_butterflies,
          sprint_mu_slime_circle, sprint_mu_swamp_cave, sprint_mu_snake_twists,
          sprint_mu_blade_basic, sprint_mu_crypt_chambers,
          sprint_mu_tomb_spiral, sprint_mu_vestibule_basic,
          sprint_mu_gehenna_hellfire, sprint_mu_dis_giant,
          sprint_mu_tartarus_statrot, sprint_mu_cocytus_islands, sprint_mu_zot1]

Skill      XL: |  1  2  3  4  5  6  7  8 |
---------------+-------------------------+-----
Stealth        | 9 10 12 13 16 19 20 21 | 21.5
Fighting       | 2 3 4 5 |  5.5
Dodging        | 2 3 4 5 7 8 |  8.3
Short Blades   | 3 4 |  4.6
Throwing       | 3 4 5 |  5.5
Spellcasting   | 3 4 |  4.9
Hexes          | 2 3 4 |  4.6

Action                   |  1- 3 |  4- 6 |  7- 9 || total
-------------------------+-------+-------+-------++-------
Melee: Dagger            |    12 |    18 |    15 ||    45
Throw: Dart              |     3 |     9 |    18 ||    30
  Use: Potion            |     4 |     1 |       ||     5
       Scroll            |       |     1 |       ||     1
 Stab: Sleeping          |     5 |     3 |     5 ||    13
Armor: Robe              |     1 |     1 |       ||     2
Dodge: Dodged            |    10 |     9 |    11 ||    30
